 Dungeon Crawl Stone Soup version 0.28-a0-1435-g82390b3a13 (webtiles) character file.

Game seed: 12106041242105145986

13432 browni3141 the Blocker (level 12, -2/93 HPs)
             Began as a Human Fighter on Jan 9, 2022.
             Was a High Priest of Okawaru.
             Killed from afar by an ironbound frostheart (39 damage)
             ... by creeping frost
             ... in an ice cave.
             The game lasted 00:21:01 (14437 turns).

browni3141 the Blocker (Human Fighter)             Turns: 14437, Time: 00:21:02

Health: -2/93      AC: 11    Str: 21    XL:     12   Next: 32%
Magic:  10/15      EV: 16    Int:  9    God:    Okawaru [*****.]
Gold:   484        SH: 13    Dex: 13    Spells: 11/11 levels left

rFire   + . .      SeeInvis .   D - +0 scimitar (drain)
rCold   + + .      Faith    .   y - +0 kite shield
rNeg    . . .      Spirit   .   F - +1 ring mail {rF+}
rPois   +          Reflect  .   k - +0 helmet
rElec   +          Harm     .   (no cloak)
rCorr   +          Rampage  .   (no gloves)
Will    .....                   O - +1 pair of boots {Stlth+}
Stlth   +++.......              M - amulet of regeneration
HPRegen 1.05/turn               E - ring of ice
MPRegen 0.14/turn               J - +4 ring of evasion

@: resistant, heroic, finesse-ful
A: no striking features
a: Renounce Religion, Heroism, Finesse, Duel


You were in an ice cave.
You worshipped Okawaru.
Okawaru was extremely pleased with you.
You visited 1 branch of the dungeon, and saw 11 of its levels.
You also visited: Ice Cave.

You collected 718 gold pieces.
You spent 234 gold pieces at shops.

Inventory:

Hand Weapons
 a - a +4 long sword
 b - the +4 mace of the Swamp {venom, Str+4 Int+4}
   (You found it on level 5 of the Dungeon)

   It poisons the flesh of those it strikes.
   Str:       It affects your strength (+4).
   Int:       It affects your intelligence (+4).
 r - a +0 long sword
 x - a +0 giant club
 D - a +0 scimitar of draining (weapon)
 H - a +0 giant spiked club
 I - a +0 giant club
 P - a +0 giant club
 Q - a +0 giant club
Missiles
 A - 15 poisoned darts (quivered)
 L - 5 boomerangs
Armour
 c - a +0 buckler
 k - a +0 helmet (worn)
 u - a +0 scale mail
 y - a +0 kite shield (worn)
 F - a +1 ring mail of fire resistance (worn)
 O - a +1 pair of boots of stealth (worn)
Jewellery
 E - a ring of ice (left hand)
 G - a ring of resist corrosion
 J - a +4 ring of evasion (right hand)
 M - an amulet of regeneration (around neck)
Wands
 z - a wand of paralysis (1)
 B - a wand of iceblast (10)
Scrolls
 f - 2 scrolls of vulnerability
 i - a scroll of blinking
 j - 4 scrolls of enchant armour
 l - 2 scrolls of enchant weapon
 o - a scroll of torment
 p - 3 scrolls of teleportation
 t - 2 scrolls of fear
 w - 3 scrolls of identify
 C - a scroll of noise
Potions
 d - 2 potions of might
 e - 4 potions of flight
 h - 2 potions of curing
 n - 2 potions of lignification
 q - a potion of invisibility
 s - a potion of cancellation
 v - a potion of degeneration
 K - 2 potions of mutation
Miscellaneous
 N - a condenser vane (inert)


   Skills:
 + Level 8.3(13.3) Fighting
 * Level 9.4(14.4) Long Blades
 - Level 6.0(11.0) Maces & Flails
 + Level 3.5(8.5) Throwing
 - Level 3.0(8.0) Armour
 * Level 11.4(16.4) Shields
 + Level 4.4 Invocations
 * Level 5.8 Evocations


You had 11 spell levels left.
You didn't know any spells.
Your spell library contained the following spells:

 Spells                   Type           Power      Damage    Failure   Level
 Apportation              Tloc           0%         N/A       71%         1
 Pain                     Necr           0%         1d4       71%         1
 Shock                    Conj/Air       0%         1d3       71%         1
 Swiftness                Air            0%         N/A       97%         3
 Airstrike                Air            0%         N/A       100%        4
 Passage of Golubria      Tloc           0%         N/A       100%        4
 Agony                    Necr           0%         N/A       100%        5
 Excruciating Wounds      Necr           0%         N/A       100%        5
 Yara's Violent Unravell  Hex/Tmut       0%         3d3       100%        5
 Animate Skeleton         Necr           Unusable   N/A       N/A         1
 Summon Small Mammal      Summ           Unusable   N/A       N/A         1
 Tukima's Dance           Hex            Unusable   N/A       N/A         3

Dungeon Overview and Level Annotations

Branches:
Dungeon (11/15)            Temple (0/1) D:7            Lair (0/6) D:11
  IceCv (1/1)
    Orc: D:9-12

Altars:
Dithmenos
Elyvilon
Gozag
Nemelex Xobeh
Okawaru
Wu Jian
Yredelemnul
Zin

Shops:
D:10 =?*

Annotations:
IceCv exclusion: death yak


Message History

You feel better.
The polar bear is engulfed in poison gas.
The polar bear looks even sicker.
The ironbound frostheart is engulfed in poison gas.
The ironbound frostheart looks even sicker.
The death yak is engulfed in poison gas.
The death yak looks even sicker.
You block the death yak's attack.
Okay, then.
The polar bear is engulfed in poison gas.
The polar bear looks as sick as possible!
The ironbound frostheart is engulfed in poison gas.
The ironbound frostheart looks as sick as possible!
The death yak is engulfed in poison gas.
The death yak looks as sick as possible!
The polar bear is engulfed in poison gas.
The polar bear looks as sick as possible!
The ironbound frostheart is engulfed in poison gas.
The ironbound frostheart looks as sick as possible!
The polar bear is engulfed in poison gas.
The polar bear looks as sick as possible!
The ice encasing you melts away.
The ironbound frostheart is engulfed in poison gas.
The ironbound frostheart looks as sick as possible!
The death yak looks even sicker.
You block the death yak's attack.
There is an ice covered gate leading back out of this place here.
Aiming: Iceblast
Press: ? - help, Shift-Dir - straight line, f - ironbound frostheart
Aim: an ironbound frostheart, wearing a +0 ring mail (heavily wounded, extremely poisoned)
The mass of ice explodes!
The iceblast engulfs the ironbound frostheart!
The ironbound frostheart partially resists.
The ironbound frostheart is severely wounded.
The iceblast engulfs the death yak!
The death yak is severely wounded.
You hear a howl!
The death yak is engulfed in poison gas.
The death yak looks even sicker.
You block the death yak's attack.
The ironbound frostheart calls freezing cold from the walls.
The frost grips you!!! You partially resist.
You die...

### ##.. # #..Y ## ..Y
####§ ph ### ########§☼☼§
#|###. ##.## #.§##...°§§§
#)[$$.###Y@.####.#§§§§§§§§§
#§Yp.......###§§§§☼☼##
#####.###### ###§#§°# ###
######


You could see 2 death yaks and an ironbound frostheart (extremely poisoned).

Vanquished Creatures
  4 two-headed ogres
  A deep elf zephyrmancer (D:10)
  An ugly thing (D:11)
  A cyclops (D:11)
  A centaur zombie (D:11)
  3 polar bears (IceCv)
  3 trolls (D:10)
  A hornet (D:10)
  A water elemental (D:11)
  21 yaks
  2 wyverns (D:9)
  A steam dragon (D:8)
  A warg (D:10)
  4 vampire mosquitoes
  Menkaure (D:5)
  A water moccasin (D:6)
  2 sky beasts (D:6)
  2 necrophages (D:7)
  An ogre (D:7)
  13 wolves (IceCv)
  4 centaurs
  A phantom (D:5)
  A kobold brigand (D:8)
  A gnoll sergeant (D:8)
  2 scorpions
  A two-headed ogre simulacrum (D:11)
  A wyvern skeleton (D:7)
  A water moccasin skeleton (D:6)
  6 wights
  An electric eel (D:11)
  7 howler monkeys
  A lava snake (D:7)
  2 jellies (D:5)
  A bullfrog skeleton (D:6)
  3 hounds
  3 iguanas
  2 orc priests
  8 orc wizards
  A spriggan simulacrum (D:11)
  A troll simulacrum (D:11)
  A killer bee zombie (D:6)
  2 howler monkey zombies
  A howler monkey skeleton (D:6)
  3 gnolls (D:8)
  7 adders
  A naga simulacrum (D:11)
  2 shadow imps
  2 white imps
  An adder skeleton (D:4)
  6 worms
  3 dart slugs
  24 orcs
  9 endoplasms
  5 giant cockroaches
  8 goblins
  3 hobgoblins
  3 jackals (D:3)
  A quokka (D:4)
  10 ball pythons
  6 bats
  6 frilled lizards
  14 kobolds
  5 rats
236 creatures vanquished.

Vanquished Creatures (others)
  A plant (D:11)
1 creature vanquished.

Grand Total: 237 creatures vanquished

Notes
Turn   | Place    | Note
-------+----------+-------------------------------------------
     0 | D:1      | browni3141 the Human Fighter began the quest for the Orb.
     0 | D:1      | Reached XP level 1. HP: 18/18 MP: 1/1
   200 | D:1      | Reached XP level 2. HP: 24/24 MP: 2/2
   446 | D:1      | Reached XP level 3. HP: 15/29 MP: 3/3
   710 | D:1      | Found a faded altar of an unknown god.
  1099 | D:2      | Found an iron altar of Okawaru.
  1108 | D:2      | Became a worshipper of Warmaster Okawaru
  1489 | D:2      | Reached XP level 4. HP: 34/35 MP: 4/4
  1773 | D:2      | Reached skill level 4 in Shields
  2003 | D:2      | Reached XP level 5. HP: 39/41 MP: 5/5
  2965 | D:3      | Reached XP level 6. HP: 30/48 MP: 6/6
  3101 | D:3      | Found a shadowy altar of Dithmenos.
  3101 | D:3      | Found a white marble altar of Elyvilon.
  3108 | D:3      | Found an opulent altar of Gozag.
  3112 | D:3      | Found a basalt altar of Yredelemnul.
  3114 | D:3      | Found a glowing silver altar of Zin.
  3768 | D:4      | Reached skill level 5 in Shields
  3892 | D:4      | Noticed a two-headed ogre
  4100 | D:4      | Reached XP level 7. HP: 54/54 MP: 7/7
  4677 | D:5      | Entered Level 5 of the Dungeon
  5054 | D:5      | Noticed Menkaure
  5060 | D:5      | Killed Menkaure
  5060 | D:5      | Reached * piety under Okawaru
  5061 | D:5      | Reached skill level 5 in Long Blades
  5383 | D:5      | Reached skill level 6 in Shields
  5402 | D:5      | Reached XP level 8. HP: 61/61 MP: 8/8
  5563 | D:5      | Identified the +4 mace of the Swamp {venom, Str+4 Int+4}
  5871 | D:6      | HP: 2/61 [vampire mosquito (6)]
  6190 | D:5      | Reached skill level 1 in Maces & Flails
  6354 | D:5      | Reached skill level 5 in Fighting
  6805 | D:6      | Reached ** piety under Okawaru
  7010 | D:6      | Reached skill level 7 in Shields
  7393 | D:6      | Reached XP level 9. HP: 30/68 MP: 9/9
  8389 | D:7      | Identified the +7 quarterstaff "Asi Fiol" {venom, rElec rC-
                  | Dex+5}
  8568 | D:7      | Found an ornate altar of the Wu Jian Council.
  8677 | D:7      | Found a sparkling altar of Nemelex Xobeh.
  8737 | D:7      | Reached skill level 5 in Maces & Flails
  8737 | D:7      | Reached skill level 8 in Shields
  9223 | D:7      | Found a staircase to the Ecumenical Temple.
  9315 | D:7      | Reached *** piety under Okawaru
 10570 | D:9      | Reached XP level 10. HP: 43/77 MP: 10/10
 10815 | D:9      | Noticed a two-headed ogre
 10822 | D:9      | Reached skill level 9 in Shields
 10843 | D:9      | Killed a two-headed ogre
 11249 | D:4      | Killed a two-headed ogre
 11249 | D:4      | Reached **** piety under Okawaru
 11929 | D:9      | Reached skill level 1 in Evocations
 11948 | D:9      | Reached ***** piety under Okawaru
 11948 | D:9      | Received a gift from Okawaru
 11949 | D:9      | Reached skill level 1 in Invocations
 11958 | D:9      | Reached skill level 10 in Shields
 12069 | D:10     | Entered Level 10 of the Dungeon
 12092 | D:10     | Found Xanuasch's Assorted Antiques.
 12174 | D:10     | Bought a scroll of identify for 46 gold pieces
 12174 | D:10     | Bought a scroll of identify for 46 gold pieces
 12174 | D:10     | Bought a wand of paralysis (5) for 46 gold pieces
 12347 | D:10     | Found Boele Xetank's Jewellery Shop.
 12369 | D:10     | Reached XP level 11. HP: 75/84 MP: 10/12
 12481 | D:10     | Found Jitoilil's Magic Scroll Emporium.
 12489 | D:10     | Bought a scroll of identify for 24 gold pieces
 12489 | D:10     | Bought a scroll of identify for 24 gold pieces
 12489 | D:10     | Bought a scroll of identify for 24 gold pieces
 12489 | D:10     | Bought a scroll of identify for 24 gold pieces
 12734 | D:10     | Reached skill level 1 in Throwing
 12902 | D:10     | Noticed a deep elf zephyrmancer
 12911 | D:10     | HP: 2/84 [deep elf zephyrmancer/bolt of lightning (15)]
 12913 | D:10     | Killed a deep elf zephyrmancer
 13378 | D:11     | Found a staircase to the Lair.
 13380 | D:11     | Noticed a two-headed ogre
 13407 | D:11     | Noticed a cyclops
 13505 | D:11     | Killed a two-headed ogre
 13517 | D:10     | Received a gift from Okawaru
 13729 | D:11     | Noticed a green ugly thing
 13743 | D:11     | Killed a green ugly thing
 13824 | D:11     | Noticed a cyclops
 13825 | D:11     | Found a frozen archway.
 13863 | D:11     | Killed a cyclops
 13882 | D:11     | Noticed a two-headed ogre
 13894 | D:11     | Killed a two-headed ogre
 13904 | IceCv    | Entered an ice cave
 14012 | IceCv    | Reached skill level 11 in Shields
 14043 | IceCv    | Reached skill level 5 in Evocations
 14077 | IceCv    | Reached XP level 12. HP: 73/92 MP: 14/14
 14314 | IceCv    | Noticed a death yak
 14420 | IceCv    | Noticed a death yak
 14420 | IceCv    | Noticed a death yak
 14420 | IceCv    | Noticed an ironbound frostheart
 14420 | IceCv    | Noticed an ironbound frostheart
 14420 | IceCv    | Noticed a death yak
 14437 | IceCv    | Killed from afar by an ironbound frostheart

Illustrated notes

Levels and vault maps discovered:
D:1:      tarquinn_simple_flora_water_e, layout_basic,
          ebering_ecumenical_altar_petrified
D:2:      layout_loops_cross, basic_altar, nicolae_wormholes
D:3:      layout_basic, chequers_temple_overflow_minitemple
D:4:      layout_loops_cross, minmay_divided_ellipse
D:5:      layout_basic, uniq_menkaure
D:6:      layout_rooms, minmay_misc_feat_five, st_stairs_4, roderic_lattice_a
D:7:      layout_loops_ring, mainiacjoe_overflow_catch_the_wave, temple_pool_b,
          kennysheep_cross_room
D:8:      layout_loops_ring, minivault_26
D:9:      layout_long_grid
D:10:     layout_roguey, serial_shops, nicolae_square_shop, shop_coins,
          nicolae_diamond_shop, kennysheep_just_a_vault
D:11:     layout_basic, erik_lair_orcish_takeover,
          portal_ice_cave_entry_ice_simulacra, special_room [special_room_bee]
IceCv:    ice_cave_caverns_01

Skill      XL: |  1  2  3  4  5  6  7  8  9 10 11 12 |
---------------+-------------------------------------+-----
Long Blades    | 3 4 5 7 9 |  9.4
Shields        | 4 5 6 7 8 10 11 | 11.4
Fighting       | 4 5 6 7 8 |  8.3
Maces & Flails | 3 6 |  6.0
Evocations     | 2 5 |  5.8
Invocations    | 1 3 4 |  4.4
Throwing       | 3 |  3.5
Armour         | |  3.0

Action                   |  1- 3 |  4- 6 |  7- 9 | 10-12 || total
-------------------------+-------+-------+-------+-------++-------
Melee: Long sword        |   117 |   195 |   141 |       ||   453
       Mace              |       |       |   123 |       ||   123
       Scimitar          |       |       |    24 |   430 ||   454
Throw: Dart              |       |       |       |    20 ||    20
Invok: Heroism           |       |       |     4 |    12 ||    16
       Finesse           |       |       |       |     2 ||     2
Evoke: Wand              |       |       |    18 |    18 ||    36
       Condenser vane    |       |       |       |     1 ||     1
  Use: Scroll            |       |     3 |     1 |    16 ||    20
       Potion            |       |       |       |     4 ||     4
 Stab: Paralysed         |       |       |       |    26 ||    26
Armor: Scale mail        |    53 |    92 |    82 |       ||   227
       Ring mail         |       |       |     3 |   106 ||   109
Dodge: Dodged            |    45 |    83 |   131 |   164 ||   423
Block: Buckler           |    24 |    46 |    56 |       ||   126
       Kite shield       |       |       |    70 |   245 ||   315

Table legend: (Time is in decaauts)
 A = Elapsed time spent in this place.
 B = Non-inter-level travel time spent in this place.
 C = Inter-level travel time spent in this place.
 D = Time resting spent in this place.
 E = Time spent auto-exploring this place.
 F = Levels seen in this place.
 G = Mean time per level.
                   A        B        C        D        E       F      G
               +--------+--------+--------+--------+--------+-----+--------+
         Total |  14588 |  14051 |    537 |   1724 |   9692 |  12 | 1215.7 |
       Dungeon |  14046 |  13509 |    537 |   1692 |   9470 |  11 | 1276.9 |
      Ice Cave |    542 |    542 |      0 |     32 |    222 |   1 |  542.0 |
               +--------+--------+--------+--------+--------+-----+--------+

Top non-repeatable levels by time:
     D:4: 1893 daAuts
     D:5: 1677 daAuts
    D:10: 1522 daAuts
     D:6: 1477 daAuts
     D:7: 1415 daAuts
     D:2: 1344 daAuts
     D:9: 1334 daAuts
     D:1: 1122 daAuts
     D:8: 1081 daAuts
     D:3: 876 daAuts
   IceCv: 542 daAuts
    D:11: 301 daAuts
